 Dungeon Crawl Stone Soup version 0.29.0-5-ge4962eb29e (webtiles) character file.

Game seed: 864388883705286088

109 Goaboa the Merchant of Misery (level 4, -6/36 HPs)
             Began as a Hill Orc Necromancer on Aug 29, 2022.
             Was a Believer of Kikubaaqudgha.
             Succumbed to a gnoll's poison
             ... on level 2 of the Dungeon.
             The game lasted 00:10:47 (2602 turns).

Goaboa the Merchant of Misery (HONe)                Turns: 2602, Time: 00:10:52

Health: -6/36      AC:  4    Str: 12    XL:     4   Next: 89%
Magic:  7/7        EV: 11    Int: 15    God:    Kikubaaqudgha [**....]
Gold:   116        SH:  0    Dex: 11    Spells: 2/7 levels left

rFire   . . .      SeeInvis .   h - +3 dagger (venom)
rCold   . . .      Faith    .   (no shield)
rNeg    . . .      Spirit   .   w - +0 leather armour
rPois   .          Reflect  .   (no helmet)
rElec   .          Harm     .   (no cloak)
rCorr   .          Rampage  .   s - +0 pair of gloves
Will    .....                   (no boots)
Stlth   +.........              (no amulet)
HPRegen 0.12/turn               (no ring)
MPRegen 0.10/turn               (no ring)

@: lethally poisoned (-6 -> -32)
A: no striking features
a: Renounce Religion, Unearth Wretches


You were on level 2 of the Dungeon.
You worshipped Kikubaaqudgha.
Kikubaaqudgha was pleased with you.
You visited 1 branch of the dungeon, and saw 3 of its levels.

You collected 116 gold pieces.

Inventory:

Hand Weapons
 f - a +0 club
 h - a +3 dagger of venom (weapon)
Missiles
 j - 3 poisoned darts
Armour
 a - a +0 robe
 k - a +0 ring mail
 s - a +0 pair of gloves (worn)
 w - a +0 leather armour (worn)
Jewellery
 x - a ring of fire
Scrolls
 d - 2 scrolls of poison {unknown}
 e - a scroll of identify {unknown}
 g - a scroll of blinking {unknown}
 i - a scroll of enchant weapon {unknown}
 o - a scroll of teleportation {unknown}
 t - a scroll of fear {unknown}
Potions
 b - a potion of magic
 c - a potion of attraction {unknown}
 l - a potion of heal wounds
 m - a potion of brilliance {unknown}
 n - a potion of haste {unknown}
 p - a potion of resistance {unknown}
 q - a potion of curing {unknown}
 r - a potion of might {unknown}
 u - a potion of berserk rage {unknown}
 v - a potion of mutation {unknown}


   Skills:
 + Level 2.2 Fighting
 + Level 2.0 Armour
 - Level 1.5 Dodging
 - Level 1.5 Stealth
 + Level 2.2 Spellcasting
 + Level 0.6 Hexes
 + Level 4.5 Necromancy


You had 2 spell levels left.
You knew the following spells:

 Your Spells              Type           Power      Damage    Failure   Level
a - Necrotise             Necr           60%        1d7       4%          1
b - Anguish               Hex/Necr       4%         N/A       67%         4

Your spell library contained the following spells:

 Spells                   Type           Power      Damage    Failure   Level
 Vampiric Draining        Necr           15%        2d7       13%         3
 Animate Dead             Necr           15%        N/A       38%         4
 Agony                    Necr           15%        N/A       75%         5


Dungeon Overview and Level Annotations

Branches:
Dungeon (3/15)

Altars:
Kikubaaqudgha

Shops:
D:3 (


Message History

The gnoll is heavily wounded.
The gnoll hits you but does no damage. The gnoll attacks as you move away!
The gnoll misses you. The gnoll attacks as you move away!
The gnoll barely misses you. The gnoll attacks as you move away!
The gnoll hits you with a +0 flail.
Found a lumpy purple potion.
Okay, then.
The gnoll attacks as you move away! The gnoll hits you with a +0 flail.
The gnoll attacks as you move away! The gnoll barely misses you.
You see here a lumpy purple potion.
Found a stone staircase leading up.
A hobgoblin comes into view.
Found a shadowed robe.
The hobgoblin shouts!
You hit the hobgoblin.
The hobgoblin is severely wounded.
The gnoll hits you with a +0 flail!
* * * LOW HITPOINT WARNING * * *
The hobgoblin hits you but does no damage.
It was a potion of heal wounds.
You feel much better. The gnoll closely misses you.
The hobgoblin hits you but does no damage.
You hit the hobgoblin.
You kill the hobgoblin!
Kikubaaqudgha accepts your kill. The gnoll barely misses you.
The gnoll hits you from afar with a +0 halberd of venom!
You are lethally poisoned!
* * * LOW HITPOINT WARNING * * *
You feel very sick.
There is a stone staircase leading up here.
You see here a hobgoblin corpse.
* * * LOW HITPOINT WARNING * * *
You feel very sick.
The gnoll hits you from afar with a +0 halberd of venom.
* * * LOW HITPOINT WARNING * * *
You are more poisoned.
You climb upwards.
You die...
Kikubaaqudgha rasps: "You have failed me!
Welcome... death!"

###.##########......####.
#.##########.#.#### #.
#.........##......# #.
###.#####.##..###.####.
#.......#<...........
###.#####...#####.####.
######...##≈≈≈~~~≈≈##.......
#......#######...#####.####.
####.####.#...@g...........####
#.....PP....P####..######...###
#......≈~.....# #†## #......#..
##.P....~~~..P.# #)# #.<.......
#.P....~≈≈~....# #.#
###.#.#.#.#
#..~~P~≈≈≈~~♣..###.#
#..#.#.#.#.
#...≈~~≈≈≈≈≈~......#
#.#.#.#.#.#
#...~~≈≈~≈≈~~.######
#..#.#.#.#. #....~~≈~≈~≈..#
#.#.#.#.#.#


You could see a gnoll.

Vanquished Creatures
  3 adders (D:2)
  An ufetubus (D:2)
  2 worms (D:2)
  A dart slug (D:1)
  3 bats
  7 endoplasms
  5 giant cockroaches
  7 goblins
  5 hobgoblins
  10 jackals
  2 quokkas (D:2)
  5 ball pythons
  4 frilled lizards (D:1)
  3 kobolds
  3 rats
61 creatures vanquished.

Vanquished Creatures (collateral kills)
  An endoplasm (D:1)
  A ball python (D:1)
2 creatures vanquished.

Grand Total: 63 creatures vanquished

Notes
Turn   | Place    | Note
-------+----------+-------------------------------------------
     0 | D:1      | Goaboa the Hill Orc Necromancer began the quest for the
                  | Orb.
     0 | D:1      | Reached XP level 1. HP: 14/14 MP: 3/3
   219 | D:1      | Reached XP level 2. HP: 21/22 MP: 2/4
   280 | D:1      | Reached skill level 1 in Fighting
   386 | D:1      | Reached skill level 1 in Armour
   722 | D:1      | Reached XP level 3. HP: 28/28 MP: 3/5
  1153 | D:1      | Found a faded altar of an unknown god.
  1159 | D:1      | Prayed at the altar of an unknown god.
  1159 | D:1      | Became a worshipper of Kikubaaqudgha
  1159 | D:1      | Reached * piety under Kikubaaqudgha
  1159 | D:1      | Received a gift from Kikubaaqudgha
  1546 | D:2      | Reached XP level 4. HP: 36/36 MP: 3/7
  1551 | D:2      | Learned a level 4 spell: Anguish
  2371 | D:2      | Reached ** piety under Kikubaaqudgha
  2551 | D:3      | Found Bylas's Weapon Shoppe.
  2601 | D:3      | HP: 1/36 [gnoll/+0 halberd of venom (4)]
  2602 | D:2      | Succumbed to a gnoll's poison

Illustrated notes

Levels and vault maps discovered:
D:1:      zelgadis_glass_arrival_small, layout_loops_ring,
          ebering_ecumenical_altar_hall, chequers_serial_rivers_micro_d,
          minmay_pentomino_r4
D:2:      layout_basic, minivault_23, dk_noncrumbling_4, moated_statue,
          mrwooster_statue_mirror, chequers_serial_rivers_micro_a,
          guppyfry_early_lair_pool
D:3:      minmay_door_path, layout_loops_ring, serial_shops, shop

Skill      XL: |  1  2  3  4 |
---------------+-------------+-----
Fighting       | 1 2 |  2.2
Armour         | 1 2 |  2.0
Spellcasting   | 2 |  2.2
Dodging        | |  1.5
Stealth        | |  1.5
Hexes          | |  0.6
Necromancy     | |  4.5

Action                   |  1- 3 |  4- 6 || total
-------------------------+-------+-------++-------
Melee: Dagger            |    47 |    47 ||    94
       Punch             |     1 |       ||     1
 Cast: Necrotise         |    46 |    30 ||    76
  Use: Potion            |       |     1 ||     1
Armor: Robe              |     1 |       ||     1
       Ring mail         |    27 |     9 ||    36
       Leather armour    |       |     9 ||     9
Dodge: Dodged            |    30 |    34 ||    64
